 Dungeon Crawl Stone Soup version 0.28-a0-957-g42eb19b844 (webtiles) character file.

Game seed: 6198865096838981010

1010 Sabo the Chopper (level 8, -1/61 HPs)
             Began as a Demonspawn Berserker on Dec 1, 2021.
             Was an Elder of Trog.
             Succumbed to a gnoll's poison
             ... on level 4 of the Dungeon.
             The game lasted 00:30:07 (5615 turns).

Sabo the Chopper (Demonspawn Berserker)             Turns: 5615, Time: 00:30:08

Health: -1/61      AC: 15    Str: 17 (19) XL:     8   Next: 1%
Magic:  8/8        EV: 10    Int: 15      God:    Trog [****..]
Gold:   157        SH:  5    Dex: 11 (13) Spells: 7/7 levels left

rFire   . . .      SeeInvis .   r - +7 quarterstaff (chaos)
rCold   . . .      Faith    .   (shield currently unavailable)
rNeg    . . .      Spirit   .   u - +0 scale mail
rPois   .          Reflect  +   m - +2 helmet
rElec   +          Harm     .   s - +0 cloak
rCorr   .          Rampage  .   (no gloves)
Will    .....                   (no boots)
Stlth   ..........              i - amulet of reflection
HPRegen 0.20/turn               n - +6 ring of intelligence
MPRegen 0.11/turn               (no ring)

@: lethally poisoned (-1 -> -11), on berserk cooldown
A: hooves 1, thin metallic scales 3, powered by pain 2
a: Renounce Religion, Berserk, Trog's Hand, Brothers in Arms


You were on level 4 of the Dungeon.
You worshipped Trog.
Trog was greatly pleased with you.
You visited 1 branch of the dungeon, and saw 4 of its levels.
You also visited: Ossuary.

You collected 157 gold pieces.

Inventory:

Hand Weapons
 a - a +0 hand axe
 p - a +1 hunting sling of flaming
 r - a +7 quarterstaff of chaos (weapon)
Missiles
 e - 44 sling bullets
 f - 5 poisoned darts (quivered)
 q - 35 arrows
Armour
 m - a +2 helmet (worn)
 s - a +0 cloak (worn)
 u - a +0 scale mail (worn)
Jewellery
 i - an amulet of reflection (around neck)
 n - a +6 ring of intelligence (left hand)
Wands
 o - a wand of charming (9)
 t - a wand of digging (5)
Scrolls
 g - 3 scrolls of holy word {unknown}
 l - a scroll of enchant armour {unknown}
Potions
 b - 2 potions of heal wounds
 c - a potion of brilliance {unknown}
 d - 3 potions of curing
 h - a potion of cancellation {unknown}
 j - 2 potions of berserk rage
 k - 2 potions of attraction {unknown}
 v - a potion of might {unknown}
 x - a potion of mutation {unknown}


   Skills:
 + Level 4.5 Fighting
 + Level 4.8 Axes
 + Level 4.6 Staves
 + Level 0.8 Slings
 + Level 3.9 Armour
 + Level 2.5 Dodging
 + Level 1.3 Stealth
 + Level 0.7 Shields


You had 7 spell levels left.
You didn't know any spells.
Your spell library was empty.

Dungeon Overview and Level Annotations

Branches:
Dungeon (4/15)            Ossuary (visited)
 Temple: D:4-7

Altars:
Makhleb
Vehumet

Annotations:
D:4 1 transporter


Innate Abilities, Weirdness & Mutations

You have large cloven feet.
You are completely covered in thin metallic scales. (AC +4, rElec)
You sometimes gain power by taking damage.


Message History

You start resting.
A gnoll is nearby!
You feel yourself speed up.
The gnoll throws a throwing net.
The throwing net closely misses you.
The gnoll throws a throwing net.
You reflect the throwing net off an invisible shield around you!
The throwing net closely misses the gnoll.
You see here a throwing net.
The gnoll closely misses you.
There is a transporter landing site here.
The gnoll barely misses you.
You barely miss the gnoll. The gnoll barely misses you.
You closely miss the gnoll. You kick the gnoll, but do no damage.
The gnoll hits you but does no damage.
You are poisoned.
You closely miss the gnoll. Your kick misses the gnoll.
You feel very sick. The gnoll hits you but does no damage.
You are more poisoned.
You barely miss the gnoll.
You feel very sick.
The gnoll hits you with a +1 halberd of venom!
You are lethally poisoned!
You sock the gnoll! You freeze the gnoll. You kick the gnoll.
You kill the gnoll!
Trog accepts your kill.
* * * LOW HITPOINT WARNING * * *
You feel extremely sick.
* * * LOW HITPOINT WARNING * * *
You feel very sick.
The gnoll shouts!
There is an open translucent door here.
You see here a +1 halberd of venom.
* * * LOW HITPOINT WARNING * * *
You feel very sick.
* * * LOW HITPOINT WARNING * * *
You feel very sick.
There is an open translucent door here.
You see here a +1 halberd of venom.
You die...

#..≈≈≈≈≈≈≈≈≈≈≈...≈≈≈≈≈≈≈≈≈≈≈..##
##..≈≈#####...........#####≈≈....
....≈≈#.#g#.###.©.###.#.#.#≈≈.##<
##..≈≈#...###.#####.###...#≈≈....
##.≈≈###...............###≈≈.##.
#.≈≈.8#.######'######.#8.≈≈.##.
#.≈≈.##.#g..#8g(#†⌠.#.##.≈≈.##.
#.≈≈.#..'..:#(©..).)'..#.≈≈....
#.≈≈.##g#...#8@.#.⌠.#.##.≈≈.###
#.≈≈.8#.######)######.#8.≈≈..##
#.≈≈###...g.g(........###≈≈....
#.≈≈#...###.#####©###...#≈≈...#
#.≈≈#g#g#.###.©.###.#.#.#≈≈...#
#.≈≈#####...........#####≈≈.:.#
#.≈≈≈≈≈≈≈≈≈≈≈≈≈≈≈≈≈≈≈≈≈≈≈≈≈...#
#.≈≈≈≈≈≈≈≈≈≈≈≈≈≈≈≈≈≈≈≈≈≈≈≈≈..)#
#..............................


You could see a gnoll shaman.

Vanquished Creatures
  The ghost of Atlas the Magician, a novice DjEE (D:4)
  An ogre (D:4)
  2 jellies (D:4)
  A gnoll shaman (D:4)
  Crazy Yiuf (D:2)
  Ijyb (D:3)
  Natasha (thrice) (D:2)
  Robin (D:2)
  13 mummies
  12 gnolls
  3 adders
  2 adder skeletons (D:4)
  A worm (D:2)
  8 orcs
  7 ball pythons
  7 endoplasms
  A giant cockroach (D:2)
  15 goblins
  7 hobgoblins
  11 jackals
  5 kobolds
  2 quokkas (D:1)
  4 bats
  3 frilled lizards
  2 gnoll skeletons (Ossuary)
  2 goblin skeletons (Ossuary)
  2 kobold skeletons (Ossuary)
  2 orc skeletons (Ossuary)
  6 rats
  11 rat skeletons (Ossuary)
137 creatures vanquished.

Vanquished Creatures (others)
  2 demonic plants (D:2)
  12 fungi (D:2)
  11 plants
25 creatures vanquished.

Grand Total: 162 creatures vanquished

Notes
Turn   | Place    | Note
-------+----------+-------------------------------------------
     0 | D:1      | Sabo the Demonspawn Berserker began the quest for the Orb.
     0 | D:1      | Reached XP level 1. HP: 18/18 MP: 1/1
   238 | D:1      | Gained mutation: You are partially covered in thin metallic
                  | scales. (AC +2) [demonic ancestry]
   238 | D:1      | Reached XP level 2. HP: 19/24 MP: 2/2
   666 | D:1      | Gained mutation: You are mostly covered in thin metallic
                  | scales. (AC +3) [demonic ancestry]
   666 | D:1      | Reached XP level 3. HP: 25/29 MP: 3/3
   668 | D:1      | Reached ** piety under Trog
  1036 | D:2      | Noticed Robin
  1064 | D:2      | Killed Robin
  1198 | D:2      | Gained mutation: You are completely covered in thin
                  | metallic scales. (AC +4, rElec) [demonic ancestry]
  1198 | D:2      | Reached XP level 4. HP: 21/35 MP: 4/4
  1547 | D:2      | Found a radiant altar of Vehumet.
  1700 | D:2      | Noticed Natasha
  1713 | D:2      | Killed Natasha
  1860 | D:2      | Noticed Natasha
  1866 | D:2      | Killed Natasha
  1910 | D:2      | Found a runed translucent door.
  1911 | D:2      | Noticed Crazy Yiuf
  1987 | D:2      | Found a faded altar of an unknown god.
  1989 | D:2      | Noticed Natasha
  1998 | D:2      | Killed Natasha
  1999 | D:2      | Gained mutation: You have large cloven feet. [demonic
                  | ancestry]
  1999 | D:2      | Reached XP level 5. HP: 40/41 MP: 5/5
  2024 | D:2      | Reached *** piety under Trog
  2205 | D:2      | Killed Crazy Yiuf
  2372 | D:3      | Noticed Ijyb
  2377 | D:3      | Killed Ijyb
  3056 | D:3      | Reached XP level 6. HP: 46/48 MP: 6/6
  3380 | D:4      | Found a transporter.
  3535 | D:4      | Found a burning altar of Makhleb.
  3576 | D:4      | Reached skill level 1 in Staves
  3893 | D:4      | Found a transporter.
  3932 | D:4      | Reached **** piety under Trog
  4030 | D:4      | Found a sand-covered staircase.
  4039 | Ossuary  | Entered an ossuary
  4172 | Ossuary  | Gained mutation: You sometimes gain a little power by
                  | taking damage. [demonic ancestry]
  4172 | Ossuary  | Reached XP level 7. HP: 46/54 MP: 7/7
  4315 | Ossuary  | Reached skill level 1 in Stealth
  5336 | D:4      | Noticed Atlas's ghost (novice DjEE)
  5582 | D:4      | Killed Atlas's ghost
  5583 | D:4      | Gained mutation: You sometimes gain power by taking damage.
                  | [demonic ancestry]
  5583 | D:4      | Reached XP level 8. HP: 36/61 MP: 8/8
  5614 | D:4      | HP: 2/61 [poisoned by a gnoll]
  5615 | D:4      | Succumbed to a gnoll's poison

Illustrated notes

Levels and vault maps discovered:
D:1:      mainiacjoe_arrival_reflecting_pool, layout_basic, minmay_pentomino_r4
D:2:      layout_basic, shapermc_ecumenical_altar_gd, basic_altar, uniq_natasha,
          uniq_crazy_yiuf_cottage, uniq_robin
D:3:      layout_basic, uniq_ijyb
D:4:      layout_loops_ring, mainiacjoe_overflow_alcove_2,
          gup_ossuary_entry_pyramid, gammafunk_ghost_gnarly_gnolls

Skill      XL: |  1  2  3  4  5  6  7 |
---------------+----------------------+-----
Axes           | 3 4 |  4.8
Armour         | 2 3 |  3.9
Dodging        | 2 |  2.5
Staves         | 2 4 |  4.6
Fighting       | 4 |  4.5
Stealth        | 1 |  1.3
Slings         | |  0.8
Shields        | |  0.7

Action                   |  1- 3 |  4- 6 |  7- 9 || total
-------------------------+-------+-------+-------++-------
Melee: Hand axe          |   142 |    71 |       ||   213
       Quarterstaff      |       |    95 |    83 ||   178
       Kick              |       |    21 |    21 ||    42
 Fire: Hunting sling     |     3 |     7 |       ||    10
Invok: Berserk           |     2 |       |     1 ||     3
  Use: Scroll            |       |     6 |     6 ||    12
       Potion            |       |       |     2 ||     2
 Stab: Paralysed         |       |     1 |       ||     1
Armor: Animal skin       |    13 |       |       ||    13
       Ring mail         |    38 |    53 |       ||    91
       Scale mail        |       |    39 |    25 ||    64
Dodge: Dodged            |    87 |    97 |    27 ||   211
Block: Other             |       |    25 |     9 ||    34
       Reflection        |       |     2 |     2 ||     4

Table legend: (Time is in decaauts)
 A = Elapsed time spent in this place.
 B = Non-inter-level travel time spent in this place.
 C = Inter-level travel time spent in this place.
 D = Time resting spent in this place.
 E = Time spent auto-exploring this place.
 F = Levels seen in this place.
 G = Mean time per level.
                   A        B        C        D        E       F      G
               +--------+--------+--------+--------+--------+-----+--------+
         Total |   5731 |   5731 |      0 |   2003 |      0 |   5 | 1146.2 |
       Dungeon |   4696 |   4696 |      0 |   1404 |      0 |   4 | 1174.0 |
       Ossuary |   1034 |   1034 |      0 |    599 |      0 |   1 | 1034.0 |
               +--------+--------+--------+--------+--------+-----+--------+

Top non-repeatable levels by time:
     D:2: 1442 daAuts
     D:4: 1284 daAuts
 Ossuary: 1034 daAuts
     D:3: 998 daAuts
     D:1: 972 daAuts
